 Dungeon Crawl Stone Soup version 0.23-a0-49-gd9f7a49 (webtiles) character file.

3770 jjfam the Cleaver (level 9, -17/82 HPs)
             Began as a Deep Dwarf Fighter on Aug 6, 2018.
             Was a Follower of Makhleb.
             Demolished by an orc warrior
             ... wielding a +1 halberd of chopping
              (23 damage)
             ... while paralysed
             ... on level 8 of the Dungeon on Aug 7, 2018.
             The game lasted 00:19:34 (6523 turns).

jjfam the Cleaver (Deep Dwarf Fighter)              Turns: 6523, Time: 00:19:36

Health: -17/82     AC: 10    Str: 24    XL:     9   Next: 94%
Magic:  7/7        EV:  2    Int:  8    God:    Makhleb [*.....]
Gold:   280        SH:  0    Dex: 12    Spells: 8/8 levels left

rFire    . . .     SeeInvis +   a - +0 war axe
rCold    . . .     Gourm    .   c - +0 shield
rNeg     + + +     Faith    .   m - +3 ring mail of Mutualism {rN+++ MR- Regen+ Int-3}
rPois    .         Spirit   .   (helmet restricted)
rElec    .         Reflect  .   n - +0 cloak
rCorr    .         Harm     +   (no gloves)
MR       .....     Clarity  +   (no boots)
Stlth    +.........             E - amulet of harm
HPRegen  0.00/turn              e - ring of see invisible
MPRegen  0.10/turn              z - +3 ring of intelligence

@: paralysed, fainting, non-regenerating
A: damage resistance, heal wounds, beak, clarity, sense surroundings 2, sturdy
frame 1, no regeneration
a: Heal Wounds, Renounce Religion


You were on level 8 of the Dungeon.
You worshipped Makhleb.
Makhleb was aware of your devotion.
You were fainting.

You visited 2 branches of the dungeon, and saw 9 of its levels.

You collected 280 gold pieces.

Inventory:

Hand Weapons
 a - a +0 war axe (weapon)
 g - a +5 short sword
Armour
 c - a +0 shield (worn)
 m - the +3 ring mail of Mutualism (worn) {rN+++ MR- Regen+ Int-3}
   (You found it on level 8 of the Dungeon)

   It affects your intelligence (-3).
   It renders you almost immune to negative energy.
   It affects your resistance to hostile enchantments.
   It increases your rate of regeneration.
 n - a +0 cloak (worn)
 u - a +1 helmet
Jewellery
 e - a ring of see invisible (left hand)
 z - a +3 ring of intelligence (right hand)
 E - an amulet of harm (around neck)
Scrolls
 b - a scroll of fog {unknown}
 h - a scroll of magic mapping {unknown}
 i - 3 scrolls of immolation {unknown}
 k - 6 scrolls of amnesia
 l - 2 scrolls of identify
 s - 3 scrolls of enchant armour
 w - 3 scrolls of remove curse
 y - 2 scrolls of fear
 D - 2 scrolls of random uselessness {unknown}
 F - a scroll of teleportation {unknown}
 H - a scroll of blinking {unknown}
Potions
 d - 2 potions of might
 j - a potion of ambrosia {unknown}
 o - 2 potions of cancellation {unknown}
 p - a potion of curing {unknown}
 q - a potion of heal wounds {unknown}
 r - 4 potions of lignification
 t - a potion of invisibility {unknown}
 x - a potion of agility {unknown}
 A - a potion of haste {unknown}
 C - a potion of resistance {unknown}
 I - 2 potions of flight {unknown}
Comestibles
 f - 13 rations


   Skills:
 + Level 5.9 Fighting
 + Level 10.0 Axes
 + Level 6.4 Armour
 + Level 4.9 Dodging
 + Level 1.0 Stealth
 + Level 7.9 Shields


You had 8 spell levels left.
You didn't know any spells.
Your spell library was empty.

Dungeon Overview and Level Annotations

Branches:
Dungeon (8/15)             Temple (1/1) D:6
   Lair: D:8-11

Altars:
Dithmenos
Gozag
Makhleb
Nemelex Xobeh
Sif Muna
Uskayaw
Wu Jian
Xom

Shops:
D:5 =!=


Innate Abilities, Weirdness & Mutations

You are resistant to damage.
You can heal yourself by infusing magical energy.
You passively map the area around you.
You do not regenerate.
You have a beak for a mouth.
You possess an exceptional clarity of mind.
Your movements are slightly less encumbered by armour. (ER -2)


Message History

The hungry ghost is moderately damaged.
You hit the quokka. The hungry ghost closely misses you.
You block the quokka's attack.
The orc warrior hits you from afar with a halberd of chopping!
* * * LOW HITPOINT WARNING * * *
x2 Unknown command.
You barely miss the hungry ghost. Your peck misses the hungry ghost.
The hungry ghost is moderately damaged.
You barely miss the quokka. The hungry ghost hits you.
You are fainting from starvation!
The quokka bites you. You block the orc warrior's attack.
You closely miss the hungry ghost.
The hungry ghost is moderately damaged.
You closely miss the quokka.
You lose consciousness!
The quokka twitches its whiskers.
The quokka bites you but does no damage.
The hungry ghost hits you.
You feel slightly more hungry.
The orc warrior hits you from afar with a halberd of chopping!!
You die...

* , * , * * * #####
...#..* #..#=#... ,, *
..... ...... #.#...#..
, ..... ,
.....###........ ...##
,..........#...#, ,
...# * #.#?....#.#... ,
...# #......#O..#.. , ,
, ...# ##....rl..... ,,
...# #...(@Wo# , ,
############......#.# ,
* #.............#...#
,* , *
####.#######...........
, , .....#
#......#####* *, *,,
###### ###.##.# , ,
#.#*.# * , * , * * #.#
.# ,, , .# , *


You could see a hungry ghost, an orc warrior, an ogre, an iguana and a quokka.

Vanquished Creatures
  Pikel (D:4)
  A kobold demonologist (D:8)
  A hornet (D:7)
  Menkaure (D:7)
  Duvessa (D:4)
  An orc warrior (D:8)
  A sky beast (D:4)
  3 ice beasts
  2 slaves (D:4)
  An ogre (D:7)
  2 phantoms
  3 centaurs
  2 bullfrogs (D:8)
  4 scorpions
  Dowan (D:4)
  3 wights (D:6)
  2 howler monkeys (D:7)
  2 crimson imps (D:7)
  A quasit (D:7)
  3 bullfrog zombies (D:6)
  4 hounds
  6 orc wizards
  An orc priest (D:7)
  2 bullfrog skeletons
  2 centaur skeletons
  4 iguanas
  15 adders
  4 shadow imps
  2 adder zombies (D:8)
  3 adder skeletons
  4 worms
  2 dart slugs (D:1)
  2 leopard geckos
  17 orcs
  19 bats
  2 giant cockroaches
  11 goblins
  7 hobgoblins
  7 jackals
  6 kobolds
  5 quokkas
  8 frilled lizards
  A jackal skeleton (D:7)
  A quokka skeleton (D:2)
  A quokka zombie (D:5)
  9 rats
  3 fungi (D:4)
184 creatures vanquished.

Vanquished Creatures (others)
  A fungus (D:4)
1 creature vanquished.

Grand Total: 185 creatures vanquished

Notes
Turn   | Place    | Note
-------+----------+-------------------------------------------
     0 | D:1      | jjfam the Deep Dwarf Fighter began the quest for the Orb.
     0 | D:1      | Reached XP level 1. HP: 20/20 MP: 1/1
    55 | D:1      | Reached XP level 2. HP: 22/27 MP: 2/2
   798 | D:2      | Reached XP level 3. HP: 25/34 MP: 3/3
   841 | D:2      | Reached skill level 3 in Axes
  1084 | D:2      | Reached XP level 4. HP: 25/42 MP: 4/4
  1136 | D:2      | Found an opulent altar of Gozag.
  1718 | D:3      | Reached XP level 5. HP: 30/49 MP: 4/4
  1769 | D:3      | Reached skill level 4 in Axes
  1901 | D:3      | Found an ornate altar of the Wu Jian Council.
  2140 | D:3      | Found a shadowy altar of Dithmenos.
  2527 | D:4      | Reached XP level 6. HP: 56/56 MP: 5/5
  2531 | D:4      | Reached skill level 1 in Dodging
  2638 | D:4      | Found a deep blue altar of Sif Muna.
  2666 | D:4      | Noticed a slave
  2667 | D:4      | Noticed a slave
  2692 | D:4      | Killed a slave
  2710 | D:4      | Killed a slave
  2747 | D:4      | Noticed Pikel
  2747 | D:4      | Noticed a slave
  2751 | D:4      | Noticed a slave
  2764 | D:4      | Paralysed by Pikel for 3 turns
  2768 | D:4      | Paralysed by Pikel for 6 turns
  2780 | D:4      | Paralysed by Pikel for 7 turns
  2795 | D:4      | Killed Pikel
  2795 | D:4      | Reached skill level 5 in Axes
  2795 | D:4      | Reached skill level 5 in Armour
  2795 | D:4      | Reached skill level 5 in Shields
  2795 | D:4      | Reached XP level 7. HP: 42/64 MP: 6/6
  2942 | D:4      | Reached skill level 6 in Axes
  3064 | D:4      | Noticed Dowan
  3065 | D:4      | Noticed Duvessa
  3079 | D:4      | Killed Dowan
  3104 | D:4      | Killed Duvessa
  3104 | D:4      | Reached XP level 8. HP: 24/72 MP: 7/7
  3559 | D:4      | Found the +7 Singing Sword
  3742 | D:5      | Entered Level 5 of the Dungeon
  3818 | D:5      | Found Cuary's Distillery.
  3856 | D:5      | Found a shimmering altar of Xom.
  3857 | D:5      | Found a sparkling altar of Nemelex Xobeh.
  4190 | D:5      | Reached skill level 7 in Axes
  4371 | D:5      | Found Asismot's Jewellery Shoppe.
  4474 | D:5      | Found Quigauno's Jewellery Boutique.
  4568 | D:6      | Reached skill level 8 in Axes
  4688 | D:6      | Reached skill level 5 in Fighting
  4834 | D:6      | Gained mutation: You passively map the area around you. [Deep Dwarf growth]
  4834 | D:6      | Reached XP level 9. HP: 42/81 MP: 8/8
  4889 | D:6      | Found a staircase to the Ecumenical Temple.
  5055 | Temple   | Entered the Ecumenical Temple
  5061 | Temple   | Became a worshipper of Makhleb the Destroyer
  5572 | D:7      | Gained mutation: You expend magic power (3 MP) to strengthen your wands. [potion of mutation]
  5572 | D:7      | Gained mutation: You evolve. [potion of mutation]
  5572 | D:7      | Gained mutation: You are frail. (-10% HP) [potion of mutation]
  5572 | D:7      | Gained mutation: Your spells are a little harder to cast, but a little more powerful. [potion of mutation]
  5573 | D:7      | Lost mutation: You are frail. (-10% HP) [potion of mutation]
  5573 | D:7      | Lost mutation: You expend magic power (3 MP) to strengthen your wands. [potion of mutation]
  5573 | D:7      | Lost mutation: You evolve. [potion of mutation]
  5573 | D:7      | Lost mutation: Your spells are a little harder to cast, but a little more powerful. [potion of mutation]
  5573 | D:7      | Gained mutation: You possess an exceptional clarity of mind. [potion of mutation]
  5573 | D:7      | Gained mutation: You have a beak for a mouth. [potion of mutation]
  5573 | D:7      | Gained mutation: Your movements are slightly less encumbered by armour. (ER -2) [potion of mutation]
  5672 | D:7      | Reached skill level 9 in Axes
  5678 | D:7      | Noticed Menkaure
  6053 | D:7      | Reached * piety under Makhleb
  6306 | D:7      | Killed Menkaure
  6364 | D:8      | Got a faintly glowing ring mail
  6365 | D:8      | Identified the +3 ring mail of Mutualism {rN+++ MR- Regen+ Int-3} (You found it on level 8 of the Dungeon)
  6485 | D:8      | Noticed a kobold demonologist
  6495 | D:8      | Noticed a rust devil
  6502 | D:8      | Killed a kobold demonologist
  6502 | D:8      | Reached skill level 1 in Stealth
  6514 | D:8      | Reached skill level 10 in Axes
  6523 | D:8      | Paralysed by fainting for 5 turns
  6523 | D:8      | Demolished by an orc warrior

Vault maps used:
D:1:      minmay_arrival_open_corners
D:2:      minmay_diamond_boxcup, lemuel_crystal_altar
D:3:      nicolae_dithmenos_shadow_blocks, old_standard_altar
D:4:      old_forge, first_ration, hangedman_glass_teeth, lemuel_blue_sif_altar,
          uniq_duvessa, uniq_pikel
D:5:      nicolae_overflow_hidden_temple, serial_shops, kennysheep_mini,
          nicolae_shop_statue_plus, shop
D:6:      temple_hall
D:7:      kennysheep_boxes, uniq_menkaure
D:8:      cheibrodos_fzero
Temple:   kb_temple_of_zot

Skill      XL: |  1  2  3  4  5  6  7  8  9 |
---------------+----------------------------+-----
Fighting       | 3 4 5 |  5.9
Axes           | 3 4 5 6 8 10 | 10.0
Shields        | 4 5 6 7 |  7.9
Armour         | 4 5 6 |  6.4
Dodging        | 2 3 4 |  4.9
Stealth        | 1 |  1.0

Action                   |  1- 3 |  4- 6 |  7- 9 || total
-------------------------+-------+-------+-------++-------
Melee: War axe           |   101 |   223 |   414 ||   738
       Peck              |       |       |    22 ||    22
 Abil: Heal Wounds       |       |     5 |    15 ||    20
  Use: Scroll            |       |       |    10 ||    10
       Potion            |       |       |     2 ||     2
  Eat: Chunk             |     1 |     6 |    12 ||    19
Armor: Scale mail        |    52 |    87 |    23 ||   162
       Leather armour    |       |       |    98 ||    98
       Ring mail         |       |       |    21 ||    21
Dodge: Dodged            |    30 |    74 |   218 ||   322
Block: Shield            |    73 |   128 |   293 ||   494

Table legend:
 A = Spawn XP
 B = Non-spawn XP
 C = Spawn XP percentage of total XP
 D = Spawn monster count
 E = Non-spawn monster count
 F = Spawn count percentage of total count
 G = Total turns spent on level
                    A         B        C        D         E        F      G
               +---------+---------+-------+---------+---------+-------+---------
         Total |       0 |    5386 |   0.0 |       0 |     179 |   0.0 |  6523
               +---------+---------+-------+---------+---------+-------+---------
           D:1 |       0 |      35 |   0.0 |       0 |      20 |   0.0 |   649
           D:2 |       0 |      86 |   0.0 |       0 |      28 |   0.0 |   921
           D:3 |       0 |     214 |   0.0 |       0 |      34 |   0.0 |   882
           D:4 |       0 |    1526 |   0.0 |       0 |      28 |   0.0 |  1290
           D:5 |       0 |     235 |   0.0 |       0 |       9 |   0.0 |   808
           D:6 |       0 |    1041 |   0.0 |       0 |      21 |   0.0 |   902
           D:7 |       0 |    1351 |   0.0 |       0 |      29 |   0.0 |   851
           D:8 |       0 |     898 |   0.0 |       0 |      10 |   0.0 |   207
               +---------+---------+-------+---------+---------+-------+---------
